 Dungeon Crawl Stone Soup version 0.30-a0-782-ge64f9170bb (webtiles) character file.

Game seed: 16749011475534634715

394 xian the Shooter (level 6, -2/48 HPs)
             Began as a Barachi Hunter on Feb 18, 2023.
             Slain by an orc priest
             ... wielding a +0 trident
              (4 damage)
             ... on level 4 of the Dungeon.
             The game lasted 00:06:20 (1931 turns).

xian the Shooter (Barachi Hunter)                   Turns: 1931, Time: 00:06:20

Health: -2/48      AC: 11    Str: 13 (14) XL:     6   Next: 82%
Magic:  15/15      EV:  3    Int:  8 (9)  God:
Gold:   261        SH:  0    Dex: 15 (16) Spells: 5/5 levels left

rFire   + . .      SeeInvis .    a - +0 shortbow (freeze)
rCold   + . .      Faith    .    (shield currently unavailable)
rNeg    . . .      Spirit   .    d - +0 plate armour
rPois   +          Reflect  .    (no helmet)
rElec   +          Harm     .    (no cloak)
rCorr   +          Rampage  .    q - +0 pair of gloves
Will    .....                    (no boots) Stlth
                                 (no amulet)
HPRegen 0.28/turn                i - ring of magical power
MPRegen 0.14/turn                (no ring)

@: confused, mighty, lethally poisoned (-2 -> -13), resistant, ambrosia-drunk,
attractive, hasted, quick
A: amphibious, slowness 1, strong legs 1, +LOS
a: Hop


You were on level 4 of the Dungeon.
You visited 1 branch of the dungeon, and saw 4 of its levels.

You collected 261 gold pieces.

Inventory:

Hand Weapons
 a - a +0 shortbow of freezing (weapon)
 e - a +0 hand axe
 l - a +0 dagger of distortion
Armour
 d - a +0 plate armour (worn)
 q - a +0 pair of gloves (worn)
Jewellery
 i - a ring of magical power (left hand)
 o - an amulet of faith
Scrolls
 b - 2 scrolls of immolation
 c - a scroll of teleportation {unknown}
 f - 3 scrolls of vulnerability {unknown}
 g - a scroll of noise {unknown}
 j - a scroll of fog
 m - a scroll of magic mapping
Potions
 h - a potion of curing {unknown}
 k - a potion of degeneration
 n - a potion of flight
 s - a potion of might
 v - a potion of berserk rage {unknown}


   Skills:
 + Level 3.7 Fighting
 + Level 0.3 Short Blades
 + Level 7.3 Ranged Weapons
 + Level 1.6 Armour
 + Level 2.2 Dodging
 + Level 1.0 Stealth


You had 5 spell levels left.
You didn't know any spells.
Your spell library contained the following spells:

 Spells                   Type           Power      Damage    Failure   Level
 Apportation              Tloc           0%         N/A       100%        1
 Alistair's Intoxication  Tmut/Pois      0%         N/A       100%        5


Dungeon Overview and Level Annotations

Branches:
Dungeon (4/15)
 Temple: D:4-7

Altars:
Wu Jian

Annotations:
D:3 1 runed translucent door, Octodad's ghost, amateur OpTm
D:4 Sigmund
Abyss:1 Duvessa


Innate Abilities, Weirdness & Mutations

You are amphibious.
You cover ground slowly.
You can hop short distances.
You have an extended range of vision and can be seen from far away.


Message History

* * * LOW HITPOINT WARNING * * *
It was a potion of degeneration.
There was something very wrong with that liquid.
You feel weakened.
You feel dopey.
You feel clumsy.
You hear some strange, mumbled words.
Something tries to affect you, but you resist.
The orc hits you with a +0 club.
* * * LOW HITPOINT WARNING * * *
It was a potion of attraction.
You feel attractive to monsters.
The orc priest hits you but does no damage.
The orc hits you but does no damage. Something is attracted toward you.
It was a potion of haste.
You feel yourself speed up.
The orc priest hits you but does no damage.
Something hits you but does no damage. The orc barely misses you.
You hear a zap.
Something tries to affect you, but you resist.
It was a potion of ambrosia.
You are confused.
You feel invigorated. Something hits you but does no damage.
The orc hits you but does no damage. Something hits you but does no damage.
You are lethally poisoned!
The orc priest mumbles some strange prayers to Beogh against you.
You're too confused to move!
* * * LOW HITPOINT WARNING * * *
You feel sick.
* * * LOW HITPOINT WARNING * * *
You feel sick. The orc hits you with a +0 club.
* * * LOW HITPOINT WARNING * * *
Something hits you.
* * * LOW HITPOINT WARNING * * *
You are more poisoned.
The orc priest is attracted toward you.
It was a potion of resistance.
You feel protected.
* * * LOW HITPOINT WARNING * * *
You feel sick.
An orc wizard appears from thin air!
Reactivating autopickup.
The orc priest hits you from afar with a +0 trident.
You die...

.....................#.#######
.....................#.......#
................[....#######.#
.............†..........# #.#
................)....##.# #.#
....................)##.####.#
.............................#
...............o........######
.............§oo@.......#
........................#
..#.......#....##.......#
..#.#######....##.......# ....
......########## .. #......#
......### ###....# #....#


You could see an orc priest, an orc wizard and an orc.

Vanquished Creatures
  Blork the orc (D:4)
  Dowan (D:4)
  A jelly (D:4)
  10 adders
  A worm (D:2)
  5 dart slugs
  3 orcs (D:3)
  3 endoplasms
  A giant cockroach (D:1)
  8 goblins
  6 hobgoblins
  3 kobolds
  2 ball pythons
  A bat (D:3)
  2 frilled lizards
  A rat (D:1)
49 creatures vanquished.

Vanquished Creatures (others)
  2 plants (D:4)
  2 withered plants (D:3)
4 creatures vanquished.

Grand Total: 53 creatures vanquished

Notes
Turn   | Place    | Note
-------+----------+-------------------------------------------
     0 | D:1      | xian the Barachi Hunter began the quest for the Orb.
     0 | D:1      | Reached XP level 1. HP: 17/17 MP: 1/1
   217 | D:1      | Reached XP level 2. HP: 23/23 MP: 2/2
   612 | D:2      | Reached XP level 3. HP: 28/28 MP: 3/3
   861 | D:2      | Reached skill level 5 in Ranged Weapons
  1047 | D:3      | Reached XP level 4. HP: 34/34 MP: 4/4
  1145 | D:3      | Found an ornate altar of the Wu Jian Council.
  1225 | D:3      | Found a runed translucent door.
  1226 | D:3      | Noticed Octodad's ghost (amateur OpTm)
  1721 | D:4      | Reached skill level 6 in Ranged Weapons
  1721 | D:4      | Reached XP level 5. HP: 28/41 MP: 5/5
  1785 | D:4      | Noticed Dowan
  1788 | D:4      | Noticed Duvessa
  1791 | D:4      | Killed Dowan
  1792 | D:4      | Reached skill level 1 in Armour
  1796 | D:4      | Banished Duvessa
  1797 | D:4      | Reached skill level 1 in Stealth
  1797 | D:4      | Reached XP level 6. HP: 28/47 MP: 6/6
  1807 | D:4      | Reached skill level 7 in Ranged Weapons
  1897 | D:4      | Noticed Blork the orc
  1899 | D:4      | Killed Blork the orc
  1911 | D:4      | Noticed Sigmund
  1925 | D:4      | HP: 2/48 [orc/+0 club (1)]
  1930 | D:4      | HP: 2/48 [orc/+0 club (4)]
  1931 | D:4      | Slain by an orc priest

Illustrated notes

Levels and vault maps discovered:
D:1:      dpeg_arrival_shelter, layout_rooms, st_stairs_4
D:2:      layout_rooms, minmay_tiny_reverse_x
D:3:      layout_rooms, nicolae_wu_jian_wuxing_cycle, gammafunk_ghost_grave
D:4:      layout_basic, minmay_temple_entry_sparse_star,
          guppyfry_early_lair_pool, uniq_duvessa, uniq_blork_the_orc,
          uniq_robin, uniq_sigmund

Skill      XL: |  1  2  3  4  5  6 |
---------------+-------------------+-----
Ranged Weapons | 5 6 7 |  7.3
Fighting       | 3 |  3.7
Armour         | 1 |  1.6
Stealth        | 1 |  1.0
Short Blades   | |  0.3
Dodging        | |  2.2

Action                     |  1- 3 |  4- 6 || total
---------------------------+-------+-------++-------
  Melee: Dagger            |       |    13 ||    13
   Fire: Shortbow          |    84 |    58 ||   142
    Use: Scroll            |     3 |     3 ||     6
         Potion            |       |     6 ||     6
 Armour: Leather armour    |     3 |       ||     3
         Plate armour      |    22 |    58 ||    80
  Dodge: Dodged            |    13 |    15 ||    28

Table legend: (Time is in decaauts)
 A = Elapsed time spent in this place.
 B = Non-inter-level travel time spent in this place.
 C = Inter-level travel time spent in this place.
 D = Time resting spent in this place.
 E = Time spent auto-exploring this place.
 F = Levels seen in this place.
 G = Mean time per level.
                   A        B        C        D        E       F      G
               +--------+--------+--------+--------+--------+-----+--------+
         Total |   2334 |   2313 |     21 |      0 |   1748 |   4 |  583.5 |
       Dungeon |   2334 |   2313 |     21 |      0 |   1748 |   4 |  583.5 |
               +--------+--------+--------+--------+--------+-----+--------+

Top non-repeatable levels by time:
     D:3: 719 daAuts
     D:1: 624 daAuts
     D:2: 562 daAuts
     D:4: 428 daAuts
